 Dungeon Crawl Stone Soup version 0.29-a0-414-g5075937ec3 (webtiles) character file.

Game seed: 11242494785259590582

1666 Pelinal the Frost Mage (level 9, -3/57 HPs)
             Began as a Merfolk Ice Elementalist on May 16, 2022.
             Slain by a white ugly thing (18 damage)
             ... on level 8 of the Dungeon.
             The game lasted 00:10:34 (5415 turns).

Pelinal the Frost Mage (Merfolk Ice Elementalist)   Turns: 5415, Time: 00:10:34

Health: -3/57      AC:  6    Str:  8    XL:     9   Next: 1%
Magic:  16/21      EV: 12    Int: 14    God:
Gold:   241        SH:  6    Dex: 19    Spells: 5/12 levels left

rFire   + . .      SeeInvis .   a - +1 dagger (venom)
rCold   . . .      Faith    .   n - +2 buckler
rNeg    + . .      Spirit   .   m - +2 robe of the Orcish Mines {rF+ rN+ MP+9}
rPois   .          Reflect  .   x - +0 helmet
rElec   .          Harm     .   y - +0 cloak
rCorr   .          Rampage  .   (no gloves)
Will    .....                   (no boots)
Stlth   ++++......              (no amulet)
HPRegen 0.19/turn               (no ring)
MPRegen 0.17/turn               (no ring)

@: mighty
A: (nimble swimmer 2), mertail
a: no special abilities


You were on level 8 of the Dungeon.
You visited 1 branch of the dungeon, and saw 6 of its levels.

You collected 241 gold pieces.

Inventory:

Hand Weapons
 a - a +1 dagger of venom (weapon)
 g - a +0 trident of protection
 u - a +0 club
Missiles
 d - 164 stones
 t - 12 poisoned darts
Armour
 e - a +0 kite shield
 m - the +2 robe of the Orcish Mines (worn) {rF+ rN+ MP+9}
   (You found it on level 2 of the Dungeon)

   rF:        It protects you from fire.
   rN:        It protects you from negative energy.
   MP:        It affects your magic capacity (+9).
 n - a +2 buckler (worn)
 q - +0 steam dragon scales
 x - a +0 helmet (worn)
 y - a +0 cloak (worn)
Jewellery
 c - a +4 ring of slaying
 D - a +4 ring of protection
Wands
 s - a wand of iceblast (10)
 B - a wand of flame (20)
Scrolls
 f - a scroll of poison {unknown}
 h - 2 scrolls of enchant armour {unknown}
 j - 3 scrolls of amnesia
 k - 6 scrolls of teleportation
 l - a scroll of blinking {unknown}
 r - a scroll of vulnerability {unknown}
 w - 2 scrolls of immolation {unknown}
 C - a scroll of brand weapon {unknown}
 E - a scroll of noise {unknown}
Potions
 b - a potion of magic
 i - a potion of mutation
 o - a potion of invisibility
 p - 2 potions of might
 v - 2 potions of ambrosia
 z - a potion of heal wounds {unknown}


   Skills:
 + Level 5.7 Throwing
 - Level 2.6 Dodging
 + Level 7.7 Stealth
 - Level 2.0 Spellcasting
 - Level 9.0 Ice Magic


You had 5 spell levels left.
You knew the following spells:

 Your Spells              Type           Power      Damage    Failure   Level
a - Freeze                Ice            100%       1d11      1%          1
b - Frozen Ramparts       Ice            52%        1d7       2%          3
c - Ozocubu's Armour      Ice            26%        N/A       2%          3

Your spell library contained the following spells:

 Spells                   Type           Power      Damage    Failure   Level
 Corpse Rot               Necr/Air       2%         N/A       43%         2
 Poisonous Vapours        Pois/Air       2%         N/A       43%         2
 Hailstorm                Conj/Ice       14%        3d5       45%         4


Dungeon Overview and Level Annotations

Branches:
Dungeon (5/15)
 Temple: D:4-7

Altars:
Xom

Shops:
D:8 (

Annotations:
D:5 exclusion: two-headed ogre


Innate Abilities, Weirdness & Mutations

((You are very nimble when in or above water. (Stealth+, EV+, Speed+++)))
Your lower body shifts to a powerful aquatic tail in water.


Message History

The centaur warrior barely misses you.
The centaur warrior kicks you but does no damage.
The centaur warrior hits you!
* * * LOW HITPOINT WARNING * * *
The centaur warrior kicks you but does no damage.
Things that are here:
a vampire mosquito corpse; a vampire mosquito corpse You puncture the centaur warrior!
The centaur warrior is poisoned.
The centaur warrior is severely wounded.
You block the centaur warrior's attack. The centaur warrior closely misses you.
Unknown command.
You hit the centaur warrior.
The centaur warrior is almost dead.
You block the centaur warrior's attack.
The centaur warrior kicks you but does no damage.
A white ugly thing comes into view.
The centaur warrior hits you but does no damage.
The centaur warrior kicks you but does no damage.
You barely miss the centaur warrior.
The centaur warrior is almost dead.
The centaur warrior hits you.
* * * LOW HITPOINT WARNING * * *
The centaur warrior kicks you.
* * * LOW HITPOINT WARNING * * *
Unknown command.
Unknown command.
You puncture the centaur warrior!
You kill the centaur warrior!
Your Throwing skill increases to level 5!
Your Stealth skill gained 2 levels and is now at level 7!
You have reached level 9!
Your experience leads to an increase in your attributes!
Increase (S)trength, (I)ntelligence, or (D)exterity?
You feel agile. x2
Unknown command.
Unknown command.
You feel better. The white ugly thing tail-slaps you.
* * * LOW HITPOINT WARNING * * *
The white ugly thing freezes you!!
You die...

.#........# .##.......#
∩##.......##
............
.###.##############
>#................##.##
.###.####...........)..
.#........#####'#######
'###.####.##....@u.#
..........#..#####..#
.#....###.#. .#
.#....###.# #
.#[...##..+ .#....##..#
......##).# ..##.###..#
..##.###..#


You could see a white ugly thing.

Vanquished Creatures
  A centaur warrior (D:8)
  Grinder (D:4)
  A slime creature (D:8)
  2 vampire mosquitoes (D:8)
  A steam dragon (D:8)
  Pargi (D:3)
  8 adders
  6 gnolls
  2 worms
  7 dart slugs
  6 orcs
  5 endoplasms
  4 giant cockroaches
  8 goblins
  4 hobgoblins
  7 kobolds
  4 quokkas
  7 ball pythons
  6 bats
  5 frilled lizards
  8 rats
94 creatures vanquished.

Notes
Turn   | Place    | Note
-------+----------+-------------------------------------------
     0 | D:1      | Pelinal the Merfolk Ice Elementalist began the quest for
                  | the Orb.
     0 | D:1      | Reached XP level 1. HP: 13/13 MP: 3/3
   217 | D:1      | Reached XP level 2. HP: 6/19 MP: 1/5
   434 | D:1      | Reached skill level 5 in Ice Magic
   831 | D:1      | Reached XP level 3. HP: 15/24 MP: 4/6
  1156 | D:1      | Learned a level 3 spell: Frozen Ramparts
  1527 | D:2      | Found a faded altar of an unknown god.
  1542 | D:2      | Identified the +2 robe of the Orcish Mines {rF+ rN+ MP+9}
  1560 | D:2      | Reached skill level 6 in Ice Magic
  1560 | D:2      | Reached XP level 4. HP: 28/30 MP: 3/7
  1704 | D:2      | Learned a level 3 spell: Ozocubu's Armour
  2099 | D:2      | Found a shimmering altar of Xom.
  2789 | D:3      | Noticed Pargi
  2803 | D:3      | Killed Pargi
  2804 | D:3      | Reached skill level 7 in Ice Magic
  2804 | D:3      | Reached XP level 5. HP: 27/35 MP: 8/8
  3688 | D:3      | Reached XP level 6. HP: 40/41 MP: 9/9
  3837 | D:4      | Noticed Grinder
  3859 | D:4      | Paralysed by Grinder for 4 turns
  3875 | D:4      | Killed Grinder
  3876 | D:4      | Reached skill level 8 in Ice Magic
  3891 | D:4      | Reached XP level 7. HP: 46/46 MP: 10/10
  3917 | D:4      | Reached skill level 9 in Ice Magic
  4860 | D:5      | Entered Level 5 of the Dungeon
  4959 | D:5      | Noticed a two-headed ogre
  4994 | D:5      | You fall into a shaft and drop 3 floors!
  5148 | D:8      | Noticed a yak
  5151 | D:8      | Noticed a steam dragon
  5163 | D:8      | Killed a steam dragon
  5164 | D:8      | Reached skill level 1 in Throwing
  5363 | D:8      | Found Verutygo's Antique Weapon Emporium.
  5396 | D:8      | Noticed a vampire mosquito
  5396 | D:8      | Noticed a slime creature
  5396 | D:8      | Noticed a vampire mosquito
  5397 | D:8      | Noticed a centaur warrior
  5400 | D:8      | Killed a vampire mosquito
  5407 | D:8      | Killed a slime creature
  5408 | D:8      | Reached skill level 5 in Stealth
  5408 | D:8      | Reached XP level 8. HP: 17/52 MP: 11/11
  5412 | D:8      | Noticed a white ugly thing
  5414 | D:8      | Killed a centaur warrior
  5415 | D:8      | Reached skill level 5 in Throwing
  5415 | D:8      | Reached XP level 9. HP: 11/57 MP: 12/12
  5415 | D:8      | Slain by a white ugly thing

Illustrated notes

Levels and vault maps discovered:
D:1:      ncdulo_watergridlock, layout_basic
D:2:      minmay_skewed_foursquare, layout_loops_ring,
          hellmonk_ecumenical_altar_lost_god, basic_altar, dk_noncrumbling_2
D:3:      minmay_door_path, layout_basic, nicolae_elevator_lobby_asterisk,
          uniq_pargi
D:4:      wander_river, layout_loops_ring, uniq_grinder
D:5:      layout_rooms, uniq_crazy_yiuf_cottage
D:8:      layout_basic, serial_shops, nicolae_shop_hallway_stairs,
          minmay_the_grid_2x2 [minmay_the_grid_dragon_a,
          minmay_the_grid_aliased_spiral, minmay_the_grid_large_cup,
          minmay_the_grid_prize_inner_circle]

Skill      XL: |  1  2  3  4  5  6  7  8 |
---------------+-------------------------+-----
Ice Magic      | 5 6 7 8 9 |  9.0
Stealth        | 5 7 |  7.7
Throwing       | 3 5 |  5.7
Dodging        | |  2.6
Spellcasting   | |  2.0

Action                   |  1- 3 |  4- 6 |  7- 9 || total
-------------------------+-------+-------+-------++-------
Melee: Unarmed           |     7 |       |       ||     7
       Dagger            |    34 |   100 |    67 ||   201
       Punch             |     1 |       |       ||     1
       Tailslap          |       |     2 |     1 ||     3
 Cast: Freeze            |    41 |    25 |       ||    66
       Ozocubu's Armour  |       |     1 |     3 ||     4
       Frozen Ramparts   |       |     1 |     2 ||     3
  Use: Scroll            |       |     3 |     4 ||     7
       Potion            |       |       |     3 ||     3
 Stab: Sleeping          |     3 |    11 |     1 ||    15
Armor: Robe              |    15 |    20 |    16 ||    51
Dodge: Dodged            |    41 |    69 |    31 ||   141
Block: Buckler           |       |    22 |    14 ||    36

Table legend: (Time is in decaauts)
 A = Elapsed time spent in this place.
 B = Non-inter-level travel time spent in this place.
 C = Inter-level travel time spent in this place.
 D = Time resting spent in this place.
 E = Time spent auto-exploring this place.
 F = Levels seen in this place.
 G = Mean time per level.
                   A        B        C        D        E       F      G
               +--------+--------+--------+--------+--------+-----+--------+
         Total |   5383 |   5219 |    164 |   1190 |   2916 |   6 |  897.2 |
       Dungeon |   5383 |   5219 |    164 |   1190 |   2916 |   6 |  897.2 |
               +--------+--------+--------+--------+--------+-----+--------+

Top non-repeatable levels by time:
     D:2: 1397 daAuts
     D:1: 1324 daAuts
     D:3: 1108 daAuts
     D:4: 997 daAuts
     D:8: 421 daAuts
     D:5: 134 daAuts
